 Dungeon Crawl Stone Soup version 0.17.1-2-g5865329 (webtiles) character file.

178 PossumBlood the Archer (level 5, -2/34 HPs)
             Began as a High Elf Hunter on Jan 30, 2016.
             Killed by divine providence
             ... invoked by an orc priest
              (15 damage)
             ... on level 3 of the Dungeon.
             The game lasted 00:09:39 (2826 turns).

PossumBlood the Archer (High Elf Hunter)            Turns: 2826, Time: 00:09:39

Health: -2/34      AC:  5    Str: 11    XL:     5   Next: 32%
Magic:  6/6        EV: 12    Int: 14    God:
Gold:   108        SH:  0    Dex: 17    Spells: 0 memorised, 4 levels left

rFire  . . .     SeeInvis .     n - +2 short sword (speed)
rCold  + . .     Clarity  .     c - +0 leather armour
rNeg   . . .     SustAt   .     (no shield)
rPois  .         Gourm    +     k - +0 helmet
rElec  .         Spirit   .     (no cloak)
rCorr  .         Warding  .     i - +0 pair of gloves
rMut   .         Stasis   .     (no boots)
MR     .....                    h - amulet of the gourmand
Stlth  ++........               q - ring of protection from cold
                                o - ring of flight

@: very slightly contaminated, hasted (expiring), very quick, not resistant to
hostile enchantments, unstealthy
A: no striking features
a: Evoke Flight


You were on level 3 of the Dungeon.
You were not hungry.

You visited 1 branch of the dungeon, and saw 3 of its levels.

You collected 108 gold pieces.

Inventory:

Hand Weapons
 a - a +1 shortbow
 n - a +2 short sword of speed (weapon)
Armour
 c - a +0 leather armour (worn)
 i - a +0 pair of gloves (worn)
 k - a +0 helmet (worn)
Jewellery
 h - an amulet of the gourmand (around neck)
 o - a ring of flight (left hand)
 q - a ring of protection from cold (right hand)
 r - an uncursed ring of fire
Wands
 j - a wand of slowing (26)
Scrolls
 f - a scroll of remove curse
 p - a scroll of recharging {unknown}
Potions
 b - a potion of haste
 g - a potion of cancellation
 l - 3 potions of curing
 m - a potion of might
Comestibles
 e - a bread ration


   Skills:
 - Level 2.0 Fighting
 * Level 8.8 Bows
 - Level 2.1 Dodging
 - Level 1.1 Stealth


You had 4 spell levels left.
You didn't know any spells.

Dungeon Overview and Level Annotations

Branches:
Dungeon (3/15)

Altars:


Message History

The orc priest calls down the wrath of Beogh upon you.
Pain shoots through your body! The orc priest hits you with a flail.
Items here: ) [[ †† a mace; a leather armour; a scale mail; an orc corpse; an orc corpse
Things that are here:
a club; an orc corpse You hit the orc priest.
The orc priest is lightly wounded.
Your extra speed is starting to run out.
You hit the orc priest.
The orc priest is moderately wounded.
The orc priest closely misses you.
You closely miss the orc priest.
The orc priest is moderately wounded.
You hit the orc priest.
The orc priest is heavily wounded.
The orc priest mumbles some strange prayers to Beogh against you.
Something smites you!
You die...

#.......)...# #..#<#.######.##
#..####...### #..###..........
#..# ##.## #..# ########.##
#..## #.# #.## #.# ###....###.#
#.# #.## ......#....# #.# #...
#....##### #####.#### ####
#....#######...)..(.# #######
#......)......@o.##............
##..#.######.###.# ###########
#..#.#..........# #
#..#.#.####.##### #
#..#.#.####.# ########
#........##.# ##.......
#.##...#.##.# #...#####
#.####.)..... ###...### # #.#
##.###.# #.......# #


You could see an orc priest.

Vanquished Creatures
  An orc priest (D:3)
  3 adders
  4 gnolls (D:3)
  An ooze (D:2)
  2 worms (D:2)
  3 giant geckos
  2 orcs (D:3)
  11 bats
  4 giant cockroaches (D:2)
  6 goblins
  5 hobgoblins
  4 jackals (D:1)
  2 quokkas
  4 giant newts
  13 kobolds
  5 rats
70 creatures vanquished.

Notes
Turn   | Place    | Note
--------------------------------------------------------------
     0 | D:1      | PossumBlood the High Elf Hunter began the quest for the Orb.
     0 | D:1      | Reached XP level 1. HP: 14/14 MP: 2/2
   124 | D:1      | Reached XP level 2. HP: 19/19 MP: 3/3
   155 | D:1      | Reached skill level 6 in Bows
   697 | D:1      | Reached XP level 3. HP: 21/24 MP: 4/4
  1051 | D:2      | Reached skill level 7 in Bows
  1294 | D:2      | Reached XP level 4. HP: 24/29 MP: 5/5
  2259 | D:3      | Reached skill level 8 in Bows
  2287 | D:3      | Reached XP level 5. HP: 5/34 MP: 6/6
  2699 | D:3      | Found a faded altar to an unknown god.
  2826 | D:3      | Killed from afar by an orc priest

Action                   |  1- 3 |  4- 6 || total
-------------------------+-------+-------++-------
Melee: Short sword       |       |    71 ||    71
 Fire: Shortbow          |   115 |    39 ||   154
  Use: Scroll            |       |     9 ||     9
       Potion            |       |     4 ||     4
  Eat: Beef jerky        |     1 |       ||     1
       Bread ration      |       |     1 ||     1
